 Dungeon Crawl Stone Soup version 0.18-a0-1035-g72c9994 (webtiles) character file.

13 timbw the Shield-Bearer (level 2, -2/16 HPs)
             Began as a Vine Stalker Fighter on Jan 10, 2016.
             Slain by Crazy Yiuf
             ... wielding a +2 quarterstaff of chaos
              (12 damage)
             ... on level 2 of the Dungeon.
             The game lasted 00:01:53 (396 turns).

timbw the Shield-Bearer (Vine Stalker Fighter)       Turns: 396, Time: 00:01:53

Health: -2/16      AC:  6    Str: 23    XL:     2   Next: 37%
Magic:  0/3        EV:  7    Int:  8    God:
Gold:   65         SH:  9    Dex: 13    Spells: 0 memorised, 1 level left

rFire  . . .     SeeInvis .     a - +0 war axe
rCold  . . .     Gourm    .     b - +0 scale mail
rNeg   . . .     Faith    .     c - +0 shield
rPois  .         Spirit   +     (no helmet)
rElec  .         Dismiss  .     (no cloak)
rCorr  .         Reflect  .     (no gloves)
SustAt .         Harm     .     (no boots)
MR     .....                    (no amulet)
Stlth  ..........               (no ring)
                                (no ring)

@: mighty, not resistant to hostile enchantments, extremely unstealthy
A: fangs 2, regeneration 1, magic shield, antimagic bite, no device heal 3, rot
immunity
a: no special abilities


You were on level 2 of the Dungeon.
You were not hungry.

You visited 1 branch of the dungeon, and saw 2 of its levels.

You collected 65 gold pieces.

Inventory:

Hand Weapons
 a - a +0 war axe (weapon)
Armour
 b - a +0 scale mail (worn)
 c - a +0 shield (worn)
Scrolls
 e - 2 scrolls of enchant armour {unknown}
 g - a scroll of remove curse {unknown}
 h - a scroll of fear {unknown}
 j - a scroll of immolation {unknown}
Potions
 i - a potion of cancellation {unknown}
 k - a potion of curing {unknown}
Books
 l - an Akashic Record

   Spells                             Type                      Level
   a - Dispersal                      Translocation                6
   b - Malign Gateway                 Summoning/Translocation      7
   c - Disjunction                    Translocation                8
   d - Controlled Blink               Translocation                8
Comestibles
 f - 3 bread rations


   Skills:
 - Level 2.6 Fighting
 + Level 2.6 Axes
 - Level 2.4 Armour
 - Level 2.6 Shields


You had one spell level left.
You didn't know any spells.

Dungeon Overview and Level Annotations

Branches:
Dungeon (2/15)

Altars:

Annotations:
D:2 Crazy Yiuf


Innate Abilities, Weirdness & Mutations

You have extremely sharp teeth.
Your natural rate of healing is unusually fast.
When hurt, damage is shared between your health and your magic reserves.
Your bite disrupts and absorbs the magic of your enemies.
Potions and wands cannot restore your health.
You are immune to rotting.


Message History

You kill the kobold!
You closely miss the hobgoblin. The hobgoblin barely misses you.
Crazy Yiuf hits you with a quarterstaff of chaos.
You barely miss Crazy Yiuf.
Crazy Yiuf is moderately wounded.
You hit the hobgoblin.
The hobgoblin is moderately wounded.
The hobgoblin hits you but does no damage.
Crazy Yiuf screams, "Pitchfork turtle song!"
Crazy Yiuf hits you with a quarterstaff of chaos.
Space bends around you.
You closely miss Crazy Yiuf.
Crazy Yiuf is moderately wounded.
You closely miss the hobgoblin.
The hobgoblin is moderately wounded.
The hobgoblin hits you but does no damage.
Crazy Yiuf hits you but does no damage. You block the hobgoblin's attack.
Crazy Yiuf hits you but does no damage.
You are electrocuted!
Ouch! That really hurt!
You die...

#..........#
#..........#
#..........#
##........##
##........##
#..........#
#..........#
#...g)g....#
#....@.....#
#.......$..#
##........##
##......##
########


You could see Crazy Yiuf and a hobgoblin.

Vanquished Creatures
  2 giant geckos
  A goblin (D:1)
  4 bats (D:1)
  3 kobolds
  2 rats (D:1)
  A fungus (D:2)
13 creatures vanquished.

Notes
Turn   | Place    | Note
--------------------------------------------------------------
     0 | D:1      | timbw the Vine Stalker Fighter began the quest for the Orb.
     0 | D:1      | Reached XP level 1. HP: 11/11 MP: 2/2
   143 | D:1      | Reached XP level 2. HP: 14/16 MP: 3/3
   356 | D:2      | Noticed Crazy Yiuf
   396 | D:2      | Slain by Crazy Yiuf

Vault maps used:
D:1:      zelgadis_glass_arrival_small
D:2:      serial_forest, infiniplex_forest_end_3,
          infiniplex_forest_clump_diagonal, infiniplex_forest_clump_double,
          infiniplex_forest_straight_3, infiniplex_forest_clump_diagonal,
          infiniplex_forest_lined_room_2, infiniplex_forest_clump_curved,
          interstate_on_off, uniq_crazy_yiuf_cottage, uniq_sigmund

Action                   || total
-------------------------++-------
Melee: War axe           ||    36
  Use: Potion            ||     1
